 Dungeon Crawl Stone Soup version 0.29.1-2-gbd0b4ee654 (webtiles) character file.

Game seed: 1892293941960801121

75 safid the Shooter (level 4, -3/40 HPs)
             Began as a Minotaur Hunter on Nov 1, 2022.
             Slain by Grinder (4 damage)
             ... while paralysed by Grinder
             ... on level 3 of the Dungeon.
             The game lasted 00:02:40 (1740 turns).

safid the Shooter (Minotaur Hunter)                 Turns: 1740, Time: 00:02:41

Health: -3/40      AC:  4    Str: 15    XL:     4   Next: 11%
Magic:  3/3        EV:  2    Int:  6    God:
Gold:   41         SH:  0    Dex: 16    Spells: 3/3 levels left

rFire   + + .      SeeInvis .   h - +0 arbalest
rCold   . . .      Faith    .   (shield currently unavailable)
rNeg    . . .      Spirit   .   c - +0 leather armour
rPois   .          Reflect  .   (helmet restricted)
rElec   .          Harm     .   m - +0 cloak
rCorr   .          Rampage  .   (no gloves)
Will    .....                   (no boots)
Stlth   +.........              (no amulet)
HPRegen 0.13/turn               f - ring of protection from fire
MPRegen 0.08/turn               k - ring of protection from fire

@: paralysed, lethally poisoned (-3 -> -9)
A: horns 2, retaliatory headbutt
a: no special abilities


You were on level 3 of the Dungeon.
You visited 1 branch of the dungeon, and saw 3 of its levels.

You collected 41 gold pieces.

Inventory:

Hand Weapons
 h - a +0 arbalest (weapon)
Armour
 c - a +0 leather armour (worn)
 m - a +0 cloak (worn)
Jewellery
 f - a ring of protection from fire (left hand)
 k - a ring of protection from fire (right hand)
Scrolls
 a - a scroll of teleportation {unknown}
 b - a scroll of magic mapping {unknown}
 d - a scroll of amnesia {unknown}
 i - a scroll of enchant weapon {unknown}
 j - 2 scrolls of identify {unknown}
 o - a scroll of fog {unknown}
 p - a scroll of fear {unknown}
Potions
 e - a potion of attraction {unknown}
 g - 2 potions of invisibility {unknown}
 l - a potion of brilliance {unknown}
 n - a potion of resistance {unknown}


   Skills:
 + Level 4.1 Fighting
 + Level 5.4 Ranged Weapons
 - Level 2.1 Dodging
 - Level 0.7 Stealth


You had 3 spell levels left.
You didn't know any spells.
Your spell library contained the following spells:

 Spells                   Type           Power      Damage    Failure   Level
 Call Canine Familiar     Summ           0%         N/A       88%         3
 Portal Projectile        Hex/Tloc       0%         N/A       88%         3
 Animate Armour           Summ/Erth      0%         N/A       99%         4
 Leda's Liquefaction      Hex/Erth       0%         N/A       99%         4
 Blade Hands              Tmut           0%         N/A       100%        5
 Iron Shot                Conj/Erth      0%         9d1       100%        6


Dungeon Overview and Level Annotations

Branches:
Dungeon (3/15)

Altars:

Shops:
D:3 (

Annotations:
D:3 Grinder


Innate Abilities, Weirdness & Mutations

You have a pair of horns on your head.
You reflexively headbutt those who attack you in melee.


Message History

You kill the orc!
You shoot a bolt. The bolt hits the orc!
You kill the orc!
Grinder blinks!
The orc hits you but does no damage. x2
The ball python bites you. The ball python grabs you.
The ball python constricts you.
You shoot a bolt. The bolt hits the ball python!!
You kill the ball python!
The adder bites you but does no damage. The orc barely misses you.
The adder bites you but does no damage. The orc barely misses you.
The adder bites you but does no damage.
You shoot a bolt. The bolt barely misses Grinder.
The adder closely misses you. You furiously retaliate!
You headbutt the adder! Grinder barely misses you.
The orc hits you with a +0 whip. The adder bites you.
You are poisoned.
The adder poisons you! The orc barely misses you. Grinder closely misses you.
You furiously retaliate!
You headbutt Grinder. You shoot a bolt. The bolt barely misses the adder.
You feel sick. The adder bites you but does no damage.
Grinder barely misses you. The orc barely misses you. The adder bites you.
You shoot a bolt. The bolt closely misses the adder.
You feel sick.
You are no longer poisoned.
The adder closely misses you. Grinder hits you.
You writhe in agony.
The orc hits you with a +0 whip. The adder misses you.
The orc hits you with a +0 whip. Grinder gestures at you.
You suddenly lose the ability to move!
The adder barely misses you. Grinder hits you!
* * * LOW HITPOINT WARNING * * *
You writhe in agony.
* * * LOW HITPOINT WARNING * * *
The orc hits you with a +0 whip.
* * * LOW HITPOINT WARNING * * *
The adder bites you.
* * * LOW HITPOINT WARNING * * *
You are lethally poisoned!
The adder poisons you! The orc hits you with a +0 whip.
* * * LOW HITPOINT WARNING * * *
Grinder hits you.
You die...

.............####
###.........#### ##
..###.._..####.# #.
....#######..#.# #.
.............#.# #.
.............#.# #.
.............#.# #.
......S......#'########.
..)...o@.............##.
......5†.............##.
........................
......................#.
##.......#####.######...
#.##..........# ###. #.
#..........# #. #
#..........# #.
......#.########.


You could see Grinder, an adder and an orc.

Vanquished Creatures
  2 adders
  A worm (D:2)
  A dart slug (D:2)
  3 orcs (D:3)
  6 ball pythons
  3 endoplasms
  2 giant cockroaches
  7 goblins
  8 hobgoblins
  6 bats
  5 kobolds
  A rat (D:1)
45 creatures vanquished.

Notes
Turn   | Place    | Note
-------+----------+-------------------------------------------
     0 | D:1      | safid the Minotaur Hunter began the quest for the Orb.
     0 | D:1      | Reached XP level 1. HP: 18/18 MP: 0/0
   323 | D:1      | Reached XP level 2. HP: 25/25 MP: 1/1
  1100 | D:2      | Reached skill level 5 in Ranged Weapons
  1100 | D:2      | Reached XP level 3. HP: 31/31 MP: 2/2
  1566 | D:3      | Identified the +2 short sword of Moyduit {flame, MP+9
                  | Dex+4}
  1631 | D:3      | Found a faded altar of an unknown god.
  1679 | D:3      | Found Pamuafow's Antique Weapon Shoppe.
  1694 | D:3      | Reached XP level 4. HP: 40/40 MP: 3/3
  1731 | D:3      | Noticed Grinder
  1738 | D:3      | Paralysed by Grinder for 5 turns
  1740 | D:3      | HP: 1/40 [orc/+0 whip (2)]
  1740 | D:3      | Slain by Grinder

Illustrated notes

Levels and vault maps discovered:
D:1:      evilmike_arrival_hilbert_curve, layout_loops_corners
D:2:      layout_rooms
D:3:      layout_basic, mainiacjoe_overflow_cross_hatched,
          nicolae_overflow_ecumenical_swirl,
          chequers_temple_overflow_statue_of_worship, serial_shops,
          nicolae_shop_behind_doors, nicolae_diamond_shop,
          nicolae_shop_waterfront, hellmonk_ecumenical_altar_zigzags,
          uniq_grinder

Skill      XL: |  1  2  3 |
---------------+----------+-----
Fighting       | 3 4 |  4.1
Ranged Weapons | 5 |  5.4
Dodging        | |  2.1
Stealth        | |  0.7

Action                   |  1- 3 |  4- 6 || total
-------------------------+-------+-------++-------
 Fire: Shortbow          |    40 |       ||    40
       Arbalest          |    43 |    11 ||    54
Armor: Leather armour    |     7 |     6 ||    13
Dodge: Dodged            |    23 |    11 ||    34
